 Dungeon Crawl Stone Soup version 0.32-a0-643-ga006e77 (webtiles) character file.

Game seed: 8017753081736039612

58 Meow the Conjurer (level 4, 36/36 HPs)
             Began as a Naga Conjurer on Mar 7, 2024.
             Quit the game on level 3 of the Dungeon.
             The game lasted 00:04:26 (1429 turns).

Meow the Conjurer (Naga Conjurer)                   Turns: 1429, Time: 00:04:27

Health: 36/36      AC:  3    Str: 10    XL:     4   Next: 2%
Magic:  3/8        EV:  9    Int: 20    God:
Gold:   68         SH:  5    Dex:  9    Spells: 6/9 levels left

rFire   . . .        a - +0 short sword
rCold   . . .        (no shield)
rNeg    . . .        g - +0 robe
rPois   +            (no helmet)
rElec   .            (no cloak)
rCorr   .            l - +0 pair of gloves
SInv    +            (no barding)
Will    .....        i - amulet of reflection
Stlth   ++           (no ring)
HPRegen 0.26/turn    (no ring)
MPRegen 0.11/turn

%: reflection
@: short of breath, very slow
A: AC +1, large, see invisible, deformed body, poison resistance, slowness 2,
spit poison 1, naga tail 1
a: Spit Poison


You were on level 3 of the Dungeon.
You visited 1 branch of the dungeon, and saw 3 of its levels.

You collected 68 gold pieces.

Inventory:

Hand Weapons
 a - a +0 short sword (weapon)
Missiles
 j - 3 javelins
Armour
 g - a +0 robe (worn)
 l - a +0 pair of gloves (worn)
Jewellery
 i - an amulet of reflection (around neck)
Scrolls
 c - 3 scrolls of teleportation
 d - 2 scrolls of revelation
 e - a scroll of vulnerability
 h - a scroll of fog {unknown}
 m - a scroll of identify {unknown}
Potions
 b - a potion of magic
 f - a potion of curing {unknown}
 k - a potion of ambrosia {unknown}


   Skills:
 - Level 1.5 Dodging
 - Level 3.0 Stealth
 + Level 3.0 Spellcasting
 + Level 4.8 Conjurations


You had 6 spell levels left.
You knew the following spells:

 Your Spells              Type           Power      Damage    Failure   Level
a - Magic Dart            Conj           88%        1d7       1%          1
b - Searing Ray           Conj           44%        2d6       3%          2

Your spell library contained the following spells:

 Spells                   Type           Power      Damage    Failure   Level
 Call Canine Familiar     Summ           3%         N/A       38%         3
 Sigil of Binding         Hex            3%         N/A       38%         3
 Fulminant Prism          Conj/Alch      6%         3d6       45%         4
 Iskenderun's Mystic Bla  Conj/Tloc      12%        2d5       45%         4
 Dimensional Bullseye     Hex/Tloc       1%         N/A       80%         4


Dungeon Overview and Level Annotations

Branches:
Dungeon (3/15)

Altars:
Vehumet


Innate Abilities, Weirdness & Mutations

Your serpentine skin is tough. (AC +1)
You have supernaturally acute eyesight. (SInv)
Armour fits poorly on your strangely shaped body.
Your system is resistant to poisons. (rPois)
You cover ground very slowly.
You can spit poison.
You have a snake-like lower body.


Message History

The searing ray hits the hobgoblin!
You kill the hobgoblin! (Press . to maintain the ray.)
Your Spellcasting skill increases to level 3!
You start resting.
You have got your breath back.
You start resting.
Magic restored.
An adder comes into view.
You see here 3 gold pieces.
An adder is nearby!
Casting: Searing Ray (safe; 3% risk of failure)
Confirm with . or Enter, or press ? or * to list all spells.
Aiming: Magic Dart (safe; 1% risk of failure)
Press: ? - help, Shift-Dir - straight line, f - adder
Aim: an adder (asleep, 100% to hit)
The magic dart hits the adder.
The adder is lightly wounded.
The adder hisses angrily.
Okay, then.
Aiming: Spit Poison (2% risk of failure)
Press: ? - help, Shift-Dir - straight line, f/p - adder
Aim: an adder (lightly wounded, 37% to hit)
The splash of poison hits the adder.
The adder is moderately wounded.
Unknown command.
Casting: Magic Dart (safe; 1% risk of failure)
Confirm with . or Enter, or press ? or * to list all spells.
Aiming: Searing Ray (safe; 3% risk of failure)
Press: ? - help, Shift-Dir - straight line, f/p - adder
Aim: an adder (moderately wounded, 63% to hit)
The searing ray hits the adder.
The adder is severely wounded. (Press . to maintain the ray.)
The adder closely misses you.
The searing ray hits the adder.
You kill the adder!
You have reached level 4!
You feel stronger.
Are you sure you want to abandon this character and quit the game? (Confirm with "yes".)

##########
#........#
.....†...#
.......$.# .#
..!.....@##).###
........<.......
.#####.#.#..####
#.#.......
#.#.....###
#.#..##.# #.....
.. ####.## ## ..


There were no monsters in sight!

Vanquished Creatures
  2 adders
  2 orcs (D:2)
  A ball python (D:2)
  5 endoplasms
  5 hobgoblins
  3 jackals (D:2)
  2 quokkas
  3 bats (D:1)
  5 frilled lizards (D:1)
  2 goblins
  3 kobolds
  2 rats (D:1)
35 creatures vanquished.

Notes
Turn   | Place    | Note
-------+----------+-------------------------------------------
     0 | D:1      | Meow the Naga Conjurer began the quest for the Orb.
     0 | D:1      | Reached XP level 1. HP: 15/15 MP: 3/3
   278 | D:1      | Reached XP level 2. HP: 20/22 MP: 1/5
   287 | D:1      | Learned a level 2 spell: Searing Ray
   821 | D:2      | Found a radiant altar of Vehumet.
   950 | D:2      | Reached XP level 3. HP: 28/28 MP: 2/7
  1429 | D:3      | Reached XP level 4. HP: 36/36 MP: 3/8
  1429 | D:3      | Quit the game

Illustrated notes

Levels and vault maps discovered:
D:1:      dpeg_arrival_three_same_balls, layout_basic
D:2:      cheibrodos_pilgrimage, layout_loops_cross, basic_altar
D:3:      layout_basic, zin_scriptorium, nicolae_concentric_dashed_squares_mild,
          minmay_misc_feat_x, uniq_sigmund

Skill      XL: |  1  2  3 |
---------------+----------+-----
Spellcasting   | 3 |  3.0
Dodging        | |  1.5
Stealth        | |  3.0
Conjurations   | |  4.8

Action                     |  1- 3 |  4- 6 || total
---------------------------+-------+-------++-------
   Cast: Magic Dart        |    26 |       ||    26
         Searing Ray       |    10 |       ||    10
Ability: Spit Poison       |    22 |       ||    22
    Use: Scroll            |     3 |       ||     3
 Armour: Robe              |     3 |       ||     3
  Dodge: Dodged            |     5 |       ||     5

Table legend: (Time is in decaauts)
 A = Elapsed time spent in this place.
 B = Non-inter-level travel time spent in this place.
 C = Inter-level travel time spent in this place.
 D = Time resting spent in this place.
 E = Time spent auto-exploring this place.
 F = Levels seen in this place.
 G = Mean time per level.
                   A        B        C        D        E       F      G
               +--------+--------+--------+--------+--------+-----+--------+
         Total |   1745 |   1615 |    130 |    526 |    837 |   3 |  581.7 |
       Dungeon |   1745 |   1615 |    130 |    526 |    837 |   3 |  581.7 |
               +--------+--------+--------+--------+--------+-----+--------+

Top non-repeatable levels by time:
     D:1: 1108 daAuts
     D:2: 607 daAuts
     D:3: 29 daAuts
